[Event "Late-Titled-Tuesday-Blitz-September-05-2023"]
[Site "Chess.com"]
[Date "2023.09.05"]
[Round "3"]
[White "KaydenTroffChess"]
[Black "nihalsarin"]
[Result "0-1"]
[WhiteElo "2783"]
[BlackElo "3146"]
[TimeControl "180+1"]
[EndTime "14:29:38 PDT"]
[Termination "nihalsarin won by resignation"]

1. d4 a6 2. Nf3 b5 3. Bf4 Bb7 4. Nbd2 e6 5. e3 Nf6 6. Bd3 c5 7. c3 d5 8. O-O Bd6 9. Ne5 O-O 10.
Bg3 Qc7 11. f4 Nbd7 12. Bh4 cxd4 13. exd4 Ne4 14. Qe2 f5 15. Rac1 Ndf6 16. Ndf3 Qb6 17. Kh1 Rad8 18. b3 Bc6 19. c4 bxc4 20. bxc4 dxc4 21.
Bxc4 Bd5 22. Bxd5 exd5 23. Rc6 Qb5 24. Qxb5 axb5 25. Ng5 Ra8 26. Rb6 b4 27. Nxe4 Nxe4 28. Nd3 Rxa2 29. Nxb4 Bxb4 30. Rxb4 Rc8 31. h3 h6 32. Rb5 Rcc2 33. Rg1 Nc3 34. Rb8+ Kh7 35. Rb7 Ne2 36. Bf6 Kg6 37. Be5 Nxg1 38. Rxg7+ Kh5 39.
Kxg1 Ra6 40. Kh2 Rg6 41. Rxg6 Kxg6 42. Kg3 Ra2 43. Kf3 Ra3+ 44. Kf2 h5 45. Kg1 Kf7 46. Kf2 Ke6 47. Kg1 Rb3 48. Kf2 Kd7 49. Bf6 Kc6 50. Bg7 Kb5 51. Ke2 Kc4 52. Be5 Ra3 53. Bf6 Rg3 54.
Kf2 Rg6 55. Be5 Kd3 56. Kf3 h4 57. Kf2 Ke4 58. Kg1 Ke3 59. g4 Ke4 60. Kg2 fxg4 61. hxg4 Rxg4+ 62. Kh3 Rxf4 63. Bg7 Kd3 64. Be5 Rxd4 65.
Bf6 Re4 66. Bxh4 Rxh4+ 67. Kxh4 Ke3 0-1

[Event "Late-Titled-Tuesday-Blitz-September-05-2023"]
[Site "Chess.com"]
[Date "2023.09.05"]
[Round "3"]
[White "queen_iryna"]
[Black "Chessdreamer2020"]
[Result "0-1"]
[WhiteElo "2330"]
[BlackElo "2504"]
[TimeControl "180+1"]
[EndTime "14:29:40 PDT"]
[Termination "Chessdreamer2020 won by resignation"]

1. e4 d6 2. d4 Nf6 3. Nc3 c6 4. Nf3 Bg4 5. h3 Bxf3 6. Qxf3 e6 7. Bd3 d5 8. e5 Nfd7 9. O-O c5 10. Nb5 cxd4 11. Qg3 Nc6 12. Bf4 a6 13. Nd6+ Bxd6 14.
Qxg7 Rf8 15. exd6 Qf6 16. Qxf6 Nxf6 17. Bg5 Ne4 18. Bh6 Rg8 19. f3 Nxd6 20. Bf4 Kd7 21. Bxh7 Rg7 22. Bd3 Rag8 23. g4 e5 24. Bh2 f5 25.
Rae1 f4 26. h4 Rh8 27. c3 dxc3 28. bxc3 Rxh4 29. Kg2 b5 30. a4 Nc4 31. Bxc4 bxc4 32. Rb1 Kc7 33. Bg1 e4 34. Bb6+ Kd6 35. Bd4 exf3+ 36. Kxf3 Rgxg4 37. Rg1 Rxg1 38. Rxg1 Ne7 39. Rb1 Nc6 40. Rg1 Nxd4+ 41. cxd4 c3 42. Rg6+ Kc7 43. Rg2 Kb6 44. Rc2 Ka5 45. Rc1 Kb4 46. Ke2 Rh2+ 47. Kd3 c2 48. Rf1 Kb3 49. Rg1 Kb2 50. a5 c1=Q 51. Rxc1 Kxc1 52. Kc3 Ra2 53. Kb3 Rxa5 54. Kb4 Rb5+ 55. Ka4 f3 56. Ka3 f2 0-1

[Event "Late-Titled-Tuesday-Blitz-September-05-2023"]
[Site "Chess.com"]
[Date "2023.09.05"]
[Round "3"]
[White "IamSchrodingersCat"]
[Black "Matibar"]
[Result "0-1"]
[WhiteElo "2561"]
[BlackElo "2889"]
[TimeControl "180+1"]
[EndTime "14:29:41 PDT"]
[Termination "Matibar won by checkmate"]

1. e4 e6 2. d4 d5 3. Nc3 dxe4 4. Nxe4 Nd7 5. Nf3 Ngf6 6. Bg5 h6 7. Nxf6+ Nxf6 8.
Bh4 c5 9. Bb5+ Bd7 10. Bxd7+ Qxd7 11. dxc5 Bxc5 12. Qxd7+ Kxd7 13. O-O-O+ Ke7 14. Ne5 Rhd8 15. f3 g5 16. Bg3 Nd5 17. Nd3 Bb6 18. Rhe1 Rac8 19.
Kb1 Ne3 20. Rd2 Ba5 21. b4 Bxb4 22. Nxb4 Rxd2 23. Rxe3 a5 24. Kc1 Rxg2 25. Nd5+ Kd8 26. Nc3 Rc6 27. Rd3+ Ke7 28. a4 f5 29. Be5 f4 30.
Kb2 Rxh2 31. Kb3 Rg2 32. Ne4 Rgxc2 33. Bf6+ Kf7 34. Rd7+ Kg6 35. Be5 Re2 36. Rg7+ Kh5 37. Rh7 Re3+ 38. Kb2 Rxe4 39. fxe4 Rc4 40. Bg7 Rxa4 41.
Rxh6+ Kg4 42. Rxe6 Kf3 43. e5 g4 44. Rg6 g3 45. e6 Re4 46. Bf8 Kg2 47. Bc5 f3 48. e7 f2 49. Rg4 Re2+ 50. Kc3 f1=Q 51. Rd4 Qe1+ 52. Kc4 Qc1+ 53. Kd5 Re5+ 54. Kxe5 Qxc5+ 55.
Kf4 Qxd4+ 56. Kf5 Qd7+ 57. Kg5 Qe8 58. Kh4 a4 59. Kg4 a3 60. Kh4 a2 61. Kg4 a1=Q 62. Kg5 Qg7+ 63. Kh4 Qeh8# 0-1

[Event "Late-Titled-Tuesday-Blitz-September-05-2023"]
[Site "Chess.com"]
[Date "2023.09.05"]
[Round "3"]
[White "BogdanDeac"]
[Black "rquery98"]
[Result "1-0"]
[WhiteElo "2997"]
[BlackElo "2682"]
[TimeControl "180+1"]
[EndTime "14:29:44 PDT"]
[Termination "BogdanDeac won by resignation"]

1. b3 e5 2. Bb2 Nc6 3. Nf3 e4 4. Nd4 Nxd4 5. Bxd4 c5 6. Bb2 d5 7. e3 Nf6 8. Bb5+ Bd7 9. Bxd7+ Qxd7 10. Bxf6 gxf6 11.
d4 Bd6 12. dxc5 Bxc5 13. c3 h5 14. h4 Qf5 15. Qe2 a6 16. Nd2 Rg8 17. g3 Qe5 18. Rc1 Rd8 19. b4 Ba7 20. Nb3 Rc8 21. Qd2 Ke7 22.
Na5 Rc7 23. Kf1 Rgc8 24. Kg2 Rxc3 25. Rxc3 Rxc3 26. Rd1 Rd3 27. Qe2 Qf5 28. Rc1 Bb6 29. Nb3 Qe5 30. Nc5 Bxc5 31. Rxc5 Qf5 32. Rc7+ Kf8 33.
Rxb7 Kg7 34. Rc7 d4 35. Rc5 Qg4 36. Qxg4+ hxg4 37. exd4 Rxd4 38. a3 Rd6 39. Ra5 Re6 40.
Kf1 Kg6 41. Ke2 f5 42. Ke3 Rd6 43. Ke2 Kf6 44. Rc5 Kg6 45. Re5 f6 46. Rc5 Re6 47. Rd5 Rc6 48. Rc5 Rd6 49. Ra5 Re6 50. Rd5 Rb6 51. Rd4 Rc6 52. Rd2 Rb6 53. Rb2 Re6 54.
a4 Rb6 55. b5 axb5 56. axb5 Kf7 57. Ke3 Ke6 58. Kf4 Rb7 59. b6 Kd6 60. Kxf5 1-0

[Event "Late-Titled-Tuesday-Blitz-September-05-2023"]
[Site "Chess.com"]
[Date "2023.09.05"]
[Round "3"]
[White "Tsyhanchuk_Stanislav"]
[Black "Mikhail_Golubev"]
[Result "1-0"]
[WhiteElo "2434"]
[BlackElo "2584"]
[TimeControl "180+1"]
[EndTime "14:29:44 PDT"]
[Termination "Tsyhanchuk_Stanislav won on time"]

1. e4 c5 2. c4 Nc6 3. Nc3 g6 4. g3 Bg7 5. Bg2 d6 6. a3 Nf6 7. Rb1 a5 8. Nge2 O-O 9. O-O Bd7 10. h3 Qc8 11. Kh2 Nd4 12. d3 Nxe2 13. Qxe2 a4 14. f4 Bc6 15. Nd5 Bxd5 16. cxd5 e6 17.
dxe6 fxe6 18. Bd2 Qd7 19. Bc3 Rad8 20. Rbd1 d5 21. exd5 exd5 22. Be5 d4 23. Qc2 b6 24. Rf2 Nd5 25. Bxd5+ Qxd5 26. Bxg7 Kxg7 27. Qxa4 Rde8 28.
Qa7+ Rf7 29. Qxb6 Re3 30. Rc1 Rxd3 31. Qxc5 Qe4 32. Rcc2 Rb7 33. Rce2 Re3 34. Rxe3 Qxe3 35. Rg2 Rb3 36. Qe5+ Qxe5 37. fxe5 Kf7 38. Rd2 d3 39. Kg2 Ke6 40. Kf2 Kxe5 41. Ke3 Kf5 42. a4 Ke5 43. a5 Rb5 44. Rxd3 Rxa5 45. Kd2 Ke4 46. Kc2 Rb5 47. Rc3 Rd5 48. b3 Rf5 49. Rc4+ Ke3 50. b4 Kf3 51. Rg4 Kg2 52. Kb3 Kxh3 53. Rf4 Rg5 54. g4 1-0

[Event "Late-Titled-Tuesday-Blitz-September-05-2023"]
[Site "Chess.com"]
[Date "2023.09.05"]
[Round "3"]
[White "Emeraldddd"]
[Black "leoduarte"]
[Result "0-1"]
[WhiteElo "2536"]
[BlackElo "2403"]
[TimeControl "180+1"]
[EndTime "14:29:44 PDT"]
[Termination "leoduarte won by checkmate"]

1. e4 e5 2. Bc4 Nf6 3. d3 c6 4.
Nf3 d5 5. Bb3 a5 6. a3 Bd6 7.
Nc3 a4 8. Ba2 Be6 9. O-O h6 10.
Re1 Nbd7 11. h3 O-O 12. Nh2 Re8 13. Qf3 Nb6 14. Ne2 Bf8 15. Ng3 dxe4 16. dxe4 Bxa2 17. Rxa2 g6 18. Rd1 Qe7 19. Nf5 gxf5 20. exf5 Bg7 21.
b3 axb3 22. cxb3 Nbd5 23. Re1 e4 24. Qg3 Qe5 25. Qh4 Qxf5 26. Ng4 Nxg4 27. hxg4 Qg6 28.
Rae2 Nc3 29. Re3 Rad8 30. Rg3 Ne2+ 31. Rxe2 Rd1+ 32. Kh2 Rxc1 33. g5 Be5 34. f4 Bxf4 35.
Qxf4 Qh5+ 36. Rh3 Qxe2 37. gxh6 Qf1 38. Qg3+ Kf8 39. Qd6+ Re7 40. Qd8+ Re8 41. Qd6+ Re7 42. h7 Qg1+ 43. Kg3 Qe1+ 44. Kg4 Qe2+ 45. Kg3 Qe1+ 46. Kf4 Qf2+ 47. Kg5 Qxg2+ 48. Rg3 Qxg3+ 49. Qxg3 Rh1 50. Qb8+ Re8 51. h8=Q+ Rxh8 52. Qxe8+ Kxe8 53. Kf6 Rg8 54. Ke5 Rf8 55. Kxe4 f6 56. Kf3 f5 57. Kf4 Kf7 58.
b4 Re8 59. a4 Rc8 60. a5 Rc7 61. b5 b6 62. a6 cxb5 63. Kxf5 Ra7 64. Ke5 Rxa6 65.
Kd5 Ra4 66. Kc6 Ra5 67. Kxb6 b4 68. Kxa5 b3 69. Kb4 b2 70. Kc3 b1=Q 71. Kc4 Qb7 72.
Kd4 Qe7 73. Kd5 Qe6+ 74. Kc5 Kf6 75. Kd4 Qe5+ 76. Kc4 Ke6 77. Kd3 Qd5+ 78. Kc3 Ke5 79. Kc2 Qd4 80. Kb3 Kd5 81. Kc2 Qe3 82. Kb2 Qd3 83.
Ka2 Qc3 84. Kb1 Qd2 85. Ka1 Kc4 86. Kb1 Kb3 87. Ka1 Qd1# 0-1

[Event "Late-Titled-Tuesday-Blitz-September-05-2023"]
[Site "Chess.com"]
[Date "2023.09.05"]
[Round "3"]
[White "Aygehovit1992"]
[Black "Andreikka"]
[Result "0-1"]
[WhiteElo "2699"]
[BlackElo "3015"]
[TimeControl "180+1"]
[EndTime "14:29:45 PDT"]
[Termination "Andreikka won on time"]

1. e4 e5 2. Nf3 Nf6 3. Nxe5 d6 4. Nf3 Nxe4 5. Qe2 Qe7 6. d3 Nf6 7. Bg5 Nbd7 8. Nc3 Qxe2+ 9. Bxe2 h6 10. Bd2 g6 11.
Nb5 Kd8 12. c4 Bg7 13. O-O a6 14. Nc3 Re8 15. Rfe1 Nc5 16. b4 Ne6 17. a4 a5 18. bxa5 Rxa5 19. d4 Bd7 20. Reb1 Kc8 21. Nb5 Ra8 22. Bd3 Ng8 23. a5 Ne7 24. Be3 Nf5 25.
a6 bxa6 26. Be4 d5 27. Bxf5 gxf5 28. cxd5 Nc5 29. Ra5 Nd3 30. Na3 Bf8 31. Nc4 Bb4 32. Ra2 Bb5 33. Nce5 Bd6 34. Nxf7 Rb8 35. Nxd6+ cxd6 36. Bxh6 Kd7 37. h3 Rbc8 38. Be3 f4 39.
Bd2 Re2 40. Rba1 Rxf2 41. Bxf4 Rxa2 42. Rxa2 Nxf4 43. Ng5 Nxd5 44. h4 Rh8 45. g3 Ne3 46. Kf2 Nf5 47. d5 Ne7 48. Rd2 Ng6 49. Kf3 Rf8+ 50.
Kg4 Ne5+ 51. Kh3 Bf1+ 52. Kh2 Ng4+ 53. Kg1 Bc4 54. Rd1 Ne3 55. Re1 Nxd5 56. g4 Nf6 0-1

[Event "Late-Titled-Tuesday-Blitz-September-05-2023"]
[Site "Chess.com"]
[Date "2023.09.05"]
[Round "3"]
[White "NovikovaGalina"]
[Black "Mesa_1"]
[Result "0-1"]
[WhiteElo "2412"]
[BlackElo "2596"]
[TimeControl "180+1"]
[EndTime "14:29:48 PDT"]
[Termination "Mesa_1 won on time"]

1. e4 e5 2. Nf3 Nc6 3. d4 exd4 4. Nxd4 Bc5 5. Nb3 Bb6 6. Nc3 Qf6 7. Qe2 Nge7 8. Be3 d6 9. O-O-O Bd7 10. g3 O-O-O 11. Bg2 h5 12. Bxb6 axb6 13. Kb1 h4 14. f4 Kb8 15. Bf3 g5 16. Nd5 Nxd5 17. exd5 Ne7 18. Rhe1 Rde8 19. Qd2 hxg3 20. hxg3 Ng6 21.
Be4 gxf4 22. Bxg6 fxg6 23. gxf4 Ref8 24. Rf1 Rh5 25. Nd4 Rxd5 26. Qe3 Re8 27. Qc3 Qf7 28. b3 c5 29. Nf3 Rxd1+ 30. Rxd1 Qxf4 31. Nd2 d5 32.
Rf1 Qe5 33. Qd3 Bf5 34. Qb5 Rd8 35. Nf3 Qc7 36. Ng5 Bd7 37. Qe2 Bf5 38. Qf2 d4 39.
Re1 d3 40. cxd3 Rxd3 41. Kc1 Rd8 42. Ne6 Bxe6 43. Rxe6 Qd7 44. Qe2 g5 45. Qe5+ Qc7 46. Qxc7+ Kxc7 47. Rg6 Rd5 48. Kc2 Rf5 49. Kc3 b5 50. a4 bxa4 51. Kc4 a3 52. Rg7+ Kc6 53. Rg6+ Kc7 54. Rg7+ Kb8 55. Kb5 a2 56. Kb6 Rf6+ 0-1

[Event "Late-Titled-Tuesday-Blitz-September-05-2023"]
[Site "Chess.com"]
[Date "2023.09.05"]
[Round "3"]
[White "Ermito2020"]
[Black "FeketeBarika"]
[Result "1-0"]
[WhiteElo "2603"]
[BlackElo "2406"]
[TimeControl "180+1"]
[EndTime "14:29:48 PDT"]
[Termination "Ermito2020 won by resignation"]

1. Nf3 d5 2. g3 Bg4 3. Bg2 Nd7 4. d3 Ngf6 5. h3 Bh5 6. b3 e5 7.
Bb2 Bd6 8. Nbd2 O-O 9. g4 Bg6 10. Nh4 c6 11. e3 Re8 12. Qe2 a5 13. a4 Qc7 14. O-O e4 15. Nxg6 hxg6 16. dxe4 dxe4 17. g5 Nh7 18. Nxe4 Rxe4 19. Bxe4 Nxg5 20. Bg2 Nf6 21. Rad1 Re8 22. Qd3 Nfe4 23. h4 Bh2+ 24. Kh1 Nxf2+ 25. Rxf2 Bg3 26. hxg5 Bxf2 27. Qd4 f6 28. gxf6 Bxe3 29. Qd7 Qxd7 30. Rxd7 gxf6 31. Bxf6 Bh6 32. Bf1 Re1 33.
Kg2 Rc1 34. Bd3 b5 35. Bxg6 bxa4 36. bxa4 Re1 37. Bd3 c5 38. Ra7 Rd1 39. Rxa5 Kf7 40. Rxc5 Kxf6 41. Rc6+ Kg7 42. a5 Be3 43. a6 Ra1 44.
Kf3 Bd4 45. Ke4 Bg1 46. Kd5 Ra5+ 47. Kd6 Bh2+ 48. Kd7 Bg1 49. Kc8 Kf7 50. Kb7 Ke7 51.
Rc7+ Kd6 52. Rc6+ Kd7 53. Rb6 Bxb6 54. Kxb6 Kc8 55. Kxa5 Kb8 56. Kb6 Ka8 57. Be4+ Kb8 58. a7+ 1-0

[Event "Late-Titled-Tuesday-Blitz-September-05-2023"]
[Site "Chess.com"]
[Date "2023.09.05"]
[Round "3"]
[White "Alohamora11"]
[Black "Mops_2004"]
[Result "1-0"]
[WhiteElo "2554"]
[BlackElo "2815"]
[TimeControl "180+1"]
[EndTime "14:29:51 PDT"]
[Termination "Alohamora11 won by resignation"]

1. e4 g6 2. d4 Bg7 3. Nc3 d6 4. f4 Nf6 5. Nf3 c5 6. Bb5+ Bd7 7. e5 Ng4 8. Bxd7+ Qxd7 9. d5 dxe5 10. h3 e4 11. hxg4 exf3 12. Qxf3 Na6 13. Bd2 Nc7 14. O-O-O O-O-O 15. f5 Be5 16. Bf4 Bxf4+ 17. Qxf4 h5 18. fxg6 fxg6 19. gxh5 gxh5 20. Qe5 h4 21. Qe4 e6 22. dxe6 Qxe6 23. Rxd8+ Rxd8 24. Qxe6+ Nxe6 25. Rxh4 Rg8 26. g4 Kd7 27. Ne4 Rg7 28. Rh5 b6 29. g5 Kc6 30. c4 Nf4 31. Rh6+ Kc7 32. Rf6 Nd3+ 33. Kd2 Ne5 34. Kc3 Rd7 35. g6 Rg7 36. Re6 Nxg6 37. Nf6 Kb7 38. Ne8 Rg8 39. Nd6+ Kb8 40. b4 cxb4+ 41. Kxb4 Nf4 42. Re7 Rd8 43. Nb5 a6 44. Nc7 a5+ 45. Kb5 Rd2 46. Kxb6 Rb2+ 47. Nb5 Kc8 48. Rc7+ Kd8 49. Rc5 Nd3 50. Rd5+ Ke7 51. Rxd3 Rxa2 52. c5 a4 53. c6 Rb2 54.
c7 1-0

[Event "Late-Titled-Tuesday-Blitz-September-05-2023"]
[Site "Chess.com"]
[Date "2023.09.05"]
[Round "3"]
[White "PawnEatingZombie"]
[Black "petr577"]
[Result "1/2-1/2"]
[WhiteElo "2084"]
[BlackElo "2328"]
[TimeControl "180+1"]
[EndTime "14:29:52 PDT"]
[Termination "Game drawn - insufficient material"]

1. e4 e6 2. d4 d5 3. Nc3 Bb4 4. exd5 exd5 5. Bd3 Ne7 6. Ne2 Nbc6 7. O-O Bf5 8. a3 Bd6 9. Nb5 O-O 10. Nxd6 Qxd6 11. Bf4 Qd7 12. Re1 Ng6 13. Bg3 Rfe8 14. Qd2 h6 15. c3 Na5 16. Qc2 Bxd3 17. Qxd3 Nc4 18. b3 Nd6 19. Bxd6 Qxd6 20. Ng3 Rxe1+ 21. Rxe1 Qxa3 22. Qb5 Rb8 23. Nf5 c6 24. Qc5 Qxc5 25.
dxc5 Nf4 26. Re7 Ne6 27. b4 Kf8 28. Rd7 b6 29. g3 bxc5 30. Nd6 cxb4 31. cxb4 Rxb4 32.
Rxa7 Ng5 33. Rc7 Rb6 34. Kg2 Ne4 35. Nxf7 Rb2 36. Ne5 Rxf2+ 37. Kg1 Rc2 38. Ng6+ Kg8 39.
Ne7+ Kh7 40. Nxd5 Ng5 41. Nf6+ Kg6 42. Ng4 h5 43. Rxc6+ Rxc6 44. Ne5+ Kf5 45. Nxc6 Ke4 46.
Kg2 Ne6 47. Ne7 g5 48. Ng6 Kf5 49. Ne7+ Ke4 50. Nc6 g4 51. h3 Ng5 52. hxg4 hxg4 53. Ne7 Nf3 54. Ng8 Kf5 55. Nh6+ Kg5 56. Nxg4 Kxg4 57.
Kf2 Ng5 58. Ke3 Nf7 59. Ke4 Nh6 60. Ke5 Nf5 61. Kf6 Ne3 62. Ke7 Nf1 63. Kd6 Nh2 64. Kc5 Nf3 65. Kd6 Kxg3 1/2-1/2

[Event "Late-Titled-Tuesday-Blitz-September-05-2023"]
[Site "Chess.com"]
[Date "2023.09.05"]
[Round "3"]
[White "GM_dmitrij"]
[Black "sofaceindisguise"]
[Result "1-0"]
[WhiteElo "3030"]
[BlackElo "2731"]
[TimeControl "180+1"]
[EndTime "14:29:54 PDT"]
[Termination "GM_dmitrij won on time"]

1. e4 c5 2. Nf3 e6 3. c3 d5 4. exd5 exd5 5. d4 cxd4 6. Nxd4 Be7 7. Bb5+ Bd7 8. O-O Nf6 9. Bxd7+ Qxd7 10. Nd2 O-O 11.
N2f3 Nc6 12. Re1 Rfe8 13. Bg5 Ne4 14. Bxe7 Rxe7 15. Qc2 Rae8 16. Re3 Nd6 17. Rxe7 Rxe7 18. h3 g6 19. Rd1 Qe8 20. Qb3 Nc4 21. Qc2 Nxd4 22. Nxd4 Re1+ 23. Rxe1 Qxe1+ 24. Kh2 Nd2 25. Nf3 Nxf3+ 26. gxf3 Qe5+ 27. Kg2 d4 28. cxd4 Qg5+ 29. Kf1 Qb5+ 30. Qe2 Qd7 31. Qe4 Qxh3+ 32. Kg1 Qd7 33. d5 Qd6 34. f4 Kf8 35. Qd4 b6 36. Kg2 Ke7 37. Kf3 h5 38. b4 Kd7 39. a3 a5 40.
Qc4 axb4 41. axb4 Qc7 42. Qd4 Qd6 43. Kg3 Kc7 44. Kf3 Kd7 45. Qc4 Qc7 46. Qe4 Qd6 47.
Kg2 Kc7 48. Qc4+ Kd7 49. Qb5+ Ke7 50. Kf3 Qc7 51. Ke4 Qd6 52. Qc4 h4 53. Kf3 f5 54.
Qd4 Kd7 55. Qg7+ Qe7 56. Qd4 Qe4+ 57. Qxe4 1-0

[Event "Late-Titled-Tuesday-Blitz-September-05-2023"]
[Site "Chess.com"]
[Date "2023.09.05"]
[Round "3"]
[White "chessS1r"]
[Black "Tonychess32"]
[Result "1-0"]
[WhiteElo "2594"]
[BlackElo "2412"]
[TimeControl "180+1"]
[EndTime "14:29:54 PDT"]
[Termination "chessS1r won on time"]

1. d4 b6 2. e4 Bb7 3. Bd3 g6 4. Nf3 Bg7 5. O-O d6 6. c3 Nf6 7.
Re1 O-O 8. e5 Ne8 9. e6 f5 10.
Bf4 c6 11. Nbd2 Na6 12. Nf1 Nac7 13. Qe2 Bc8 14. Ng5 Nd5 15. Bd2 Nec7 16. h4 h6 17. Nf7 Rxf7 18. exf7+ Kxf7 19. Ng3 e6 20. c4 Nf6 21. Bc3 Ng4 22. h5 Qh4 23. hxg6+ Kxg6 24. Nf1 Bd7 25. g3 Qh3 26. f3 Nf6 27. Qc2 Nh5 28. Re2 Nxg3 29. Nxg3 Kf7 30. Rg2 Bf6 31. d5 Rg8 32.
Qf2 Bh4 33. Be1 f4 34. Qd4 e5 35. Qe4 Bxg3 36. Bxg3 Rxg3 37. Qh7+ Ke8 38. Qh8+ Ke7 39.
Qh7+ Kd8 40. Bf1 cxd5 41. Qg8+ Be8 42. Rxg3 fxg3 43. Bxh3 dxc4 44. Qxg3 Nd5 45. Rd1 Nf4 46. Rxd6+ Kc7 47. Rd2 Bd7 48. Rxd7+ Kc6 49. Rd2 c3 50. bxc3 Kc5 51. Bf1 b5 52. Qf2+ Kc6 53. Qe3 Ng6 54. Qe4+ Kc7 55. Qxg6 1-0

[Event "Late-Titled-Tuesday-Blitz-September-05-2023"]
[Site "Chess.com"]
[Date "2023.09.05"]
[Round "3"]
[White "SergioMoralesG"]
[Black "cande_francisco"]
[Result "0-1"]
[WhiteElo "2386"]
[BlackElo "2564"]
[TimeControl "180+1"]
[EndTime "14:29:54 PDT"]
[Termination "cande_francisco won by checkmate"]

1. d4 Nf6 2. Bg5 d5 3. Bxf6 exf6 4. e3 Bd6 5. Nf3 O-O 6. g3 Nd7 7. Bg2 f5 8. O-O Nf6 9. Nbd2 b6 10. c4 Bb7 11.
Qc2 Ne4 12. Rac1 c5 13. cxd5 Bxd5 14. Ne5 Nxd2 15. Bxd5 Nxf1 16. Nxf7 Rxf7 17. Qb3 Qe8 18. Bxa8 Qxa8 19. Rxf1 Qe4 20. dxc5 Bxc5 21. Rd1 Qe7 22. Rd5 g6 23. Qd3 Kg7 24. b4 Bxb4 25. Qd4+ Kh6 26. Qf4+ Kg7 27. Qd4+ Kh6 28. h4 Bc5 29. Qf4+ Kg7 30. Kh2 Qf6 31. Qc4 a5 32. Qd3 Bb4 33. a4 Qb2 34. Qb5 Qxf2+ 35. Kh3 Qf3 36. Rd7 Qg4+ 37. Kg2 Qe4+ 38. Kh3 Qe6 39. Rxf7+ Qxf7 40. Qc6 Qf6 41. Qb7+ Kh6 42. Qb8 Qe6 43. Qf4+ Kg7 44.
Qc7+ Qf7 45. Qxb6 Qd7 46. Qa6 f4+ 47. Kg2 fxe3 48. Kf3 Bd2 49. Qe2 Qf5+ 50. Kg2 Qf2+ 51. Qxf2 exf2 52. Kxf2 Kf6 53. g4 Bb4 54. Kf3 Ke5 55.
Ke3 h6 56. Kf3 g5 57. hxg5 hxg5 58. Ke3 Bc5+ 59. Kf3 Kd4 60. Kg3 Ke4 61. Kg2 Kf4 62. Kh3 Kf3 63. Kh2 Kxg4 64. Kg2 Kf4 65. Kh3 g4+ 66. Kh4 g3 67. Kh3 Kf3 68. Kh4 g2 69.
Kh3 g1=Q 70. Kh4 Qg4# 0-1

[Event "Late-Titled-Tuesday-Blitz-September-05-2023"]
[Site "Chess.com"]
[Date "2023.09.05"]
[Round "3"]
[White "Goryachkina"]
[Black "Eloist"]
[Result "1-0"]
[WhiteElo "2662"]
[BlackElo "2463"]
[TimeControl "180+1"]
[EndTime "14:29:58 PDT"]
[Termination "Goryachkina won on time"]

1. e4 e6 2. d4 d5 3. Bd3 dxe4 4.
Bxe4 Nf6 5. Bf3 c5 6. Ne2 Nc6 7.
Be3 cxd4 8. Nxd4 Ne5 9. Be2 Nd5 10. Bc1 Be7 11. O-O O-O 12. c4 Nb4 13. a3 Nbc6 14. Nxc6 Nxc6 15. Nc3 Nd4 16. Be3 Nxe2+ 17. Qxe2 Bd7 18.
Rfd1 Qc7 19. Rac1 Bc6 20. Bd4 Qf4 21. b4 Rfd8 22. Be3 Qf6 23. Rxd8+ Rxd8 24. c5 a6 25. a4 Qg6 26. f3 Qd3 27. Qxd3 Rxd3 28. Kf2 Bf6 29. Ne4 Bxe4 30. fxe4 Rxe3 31. c6 bxc6 32.
Rxc6 Rc3 33. Rxa6 h5 34. b5 Rb3 35. Ke2 Bd4 36. Rd6 e5 37. Rd5 Kf8 38. a5 Ke7 39. b6 Ke6 40. Rd8 Bxb6 41. axb6 Rxb6 42. Kf3 Rb3+ 43.
Kf2 g6 44. Re8+ Kf6 45. h3 h4 46. Rc8 Kg5 47. Rf8 f5 48. exf5 gxf5 49. Rh8 Rb2+ 50. Kf1 Kf4 51. Rxh4+ Kg3 52. Rh5 Rf2+ 53. Ke1 e4 54.
Rg5+ Kf4 55. h4 1-0

[Event "Late-Titled-Tuesday-Blitz-September-05-2023"]
[Site "Chess.com"]
[Date "2023.09.05"]
[Round "3"]
[White "AradNazari"]
[Black "dropstoneDP"]
[Result "1/2-1/2"]
[WhiteElo "2718"]
[BlackElo "3018"]
[TimeControl "180+1"]
[EndTime "14:29:59 PDT"]
[Termination "Game drawn by repetition"]

1. e4 e5 2. f4 exf4 3. Nf3 h6 4.
d4 g5 5. g3 fxg3 6. hxg3 Bg7 7. Nc3 d6 8. Be3 Nc6 9. Qd2 Bg4 10. Be2 Qd7 11. d5 Ne5 12. Nxe5 Bxe5 13. Bd4 Bxg3+ 14. Kd1 Be5 15. Nb5 Nf6 16. Bxe5 dxe5 17. Bxg4 Qxg4+ 18. Kc1 O-O 19. Rxh6 Nxe4 20. Qe3 Qf5 21. b3 Kg7 22. Rh1 c6 23. dxc6 bxc6 24. Nxa7 c5 25. Nc6 Qf4 26. Re1 f5 27. Kb2 Qxe3 28. Rxe3 Rae8 29. Rf1 Re6 30. Na5 g4 31. Nc4 g3 32. Rg1 Kh6 33.
Rxe4 fxe4 34. Rxg3 Rf3 35. Rg4 Rf4 36. Rg3 Rg6 37. Re3 Rg5 38. a4 Kg6 39. a5 Kf5 40. a6 Rg6 41. a7 Ra6 42. Nd6+ Ke6 43. Nb5 Kd7 44. Rh3 Rf8 45. Rh7+ Kc6 46. Nc3 e3 47. Re7 Ra8 48. Rxe5 R6xa7 49. Re6+ Kd7 50. Rxe3 c4 51.
bxc4 Kc6 52. Re5 Ra6 53. Nb5 Ra2+ 54. Kb3 Ra1 55. Kb4 Rb1+ 56. Kc3 Rh8 57. Re6+ Kc5 58. Re5+ Kb6 59. Re6+ Kc5 60. Re5+ Kb6 61. Re6+ Kc5 1/2-1/2

[Event "Late-Titled-Tuesday-Blitz-September-05-2023"]
[Site "Chess.com"]
[Date "2023.09.05"]
[Round "3"]
[White "Korchmar_Vasiliy"]
[Black "Payyappat"]
[Result "1-0"]
[WhiteElo "2707"]
[BlackElo "2478"]
[TimeControl "180+1"]
[EndTime "14:30:00 PDT"]
[Termination "Korchmar_Vasiliy won by resignation"]

1. e4 c6 2. d4 d5 3. exd5 cxd5 4. Bd3 Nc6 5. c3 Qc7 6. h3 g6 7. Nf3 Bf5 8. O-O Nf6 9. Re1 e6 10. Bg5 Be7 11. Bh6 O-O-O 12. a4 Bxd3 13. Qxd3 Ne4 14.
Nbd2 f5 15. a5 g5 16. a6 Rhg8 17. axb7+ Kb8 18. Ra6 Rg6 19. Rxc6 Qxc6 20. Ne5 Qxb7 21. Nxg6 hxg6 22. Bg7 Bd6 23. Be5 Bxe5 24. dxe5 Nc5 25. Qe3 Qe7 26. Ra1 Rc8 27. c4 Ne4 28. cxd5 exd5 29.
Nb3 Rc7 30. Nd4 Qxe5 31. Rxa7 f4 32. Qa3 Rxa7 33. Nc6+ Kc7 34. Nxe5 Rxa3 35. bxa3 d4 36. Kf1 Kd6 37. Nd3 Kd5 38. Ke2 Kc4 39. f3 Nc3+ 40. Kd2 Nb1+ 41. Ke2 Nxa3 42. h4 gxh4 43. Nxf4 g5 44. Ne6 Kc3 45. Nxg5 Kc2 46. Ne4 Nc4 47. f4 Ne3 48. Kf3 Nf5 49. Kg4 Ng3 50. Nf2 Kd2 51. f5 Ke3 52. f6 Kxf2 53.
f7 d3 54. f8=Q+ Ke2 55. Qe7+ Kf2 56. Qc5+ Kxg2 57. Qd5+ Kf2 58. Qxd3 h3 59. Qxg3+ Ke2 60.
Qxh3 Kd2 61. Kf4 Kc2 62. Ke4 1-0

[Event "Late-Titled-Tuesday-Blitz-September-05-2023"]
[Site "Chess.com"]
[Date "2023.09.05"]
[Round "3"]
[White "djano"]
[Black "gunslinger222"]
[Result "1-0"]
[WhiteElo "2625"]
[BlackElo "2450"]
[TimeControl "180+1"]
[EndTime "14:30:06 PDT"]
[Termination "djano won on time"]

1. e4 e6 2. d4 d5 3. Bd3 dxe4 4. Bxe4 Nf6 5. Bf3 Nbd7 6. Ne2 Bd6 7. O-O e5 8. Ng3 O-O 9. Nc3 exd4 10. Qxd4 Ne5 11.
Be2 Bg4 12. Nb5 Bxe2 13. Nxe2 Nc6 14. Qh4 Be7 15. Qg3 a6 16. Nbc3 Bd6 17. Qh4 Ne5 18.
Bg5 Ng6 19. Qd4 Be7 20. Rad1 Qxd4 21. Nxd4 h6 22. Bc1 Rfd8 23. Nf5 Bf8 24. Ne3 b5 25. a3 Nf4 26. g3 Ne6 27. Kg2 c6 28. h3 a5 29. Ne2 Ne4 30. f3 Nf6 31. Nf5 Rxd1 32. Rxd1 Rd8 33. Rxd8 Nxd8 34. Be3 h5 35. Bb6 Nb7 36.
Nfd4 Nd5 37. Ba7 b4 38. a4 c5 39. Nb3 Ne3+ 40. Kf2 Nxc2 41. Nf4 g6 42. Ke2 c4 43. Nd2 Bc5 44. Bxc5 Nxc5 45. Nxc4 Nxa4 46. Nd3 Nd4+ 47. Ke3 Nc6 48. Ke4 b3 49. Kd5 Ne7+ 50. Ke5 Nc6+ 51. Kd5 Ne7+ 52. Ke4 Nc6 53. Nd2 Nb6 54. Nxb3 a4 55. Nd4 Na5 56. Nb5 Nac4 57. Nc3 Kg7 58. Kd4 a3 59. bxa3 Nxa3 60. Ne4 Nc2+ 61. Kc5 Nd7+ 62.
Kd6 Nf6 63. Ke5 Nxe4 64. Kxe4 Na3 65. f4 Nb5 66. Nf2 Nd6+ 67. Kd5 Nf5 68. Ne4 1-0